 Dungeon Crawl Stone Soup version 0.29-a0-1052-g6990b1bffc (webtiles) character file.

Game seed: 4051430891426768723

166 wingedge the Slasher (level 5, -5/42 HPs)
             Began as a Demonspawn Wanderer on Aug 18, 2022.
             Splashed by a jelly's acid (7 damage)
             ... on level 5 of the Dungeon.
             The game lasted 00:09:43 (3092 turns).

wingedge the Slasher (Demonspawn Wanderer)          Turns: 3092, Time: 00:09:44

Health: -5/42      AC:  1    Str: 14    XL:     5   Next: 22%
Magic:  0/8        EV: 10    Int: 14    God:
Gold:   81         SH:  0    Dex: 12    Spells: 8/8 levels left

rFire   . . .      SeeInvis .   s - +3 rapier (protect)
rCold   . . .      Faith    .   (no shield)
rNeg    . . .      Spirit   +   f - +0 ring mail
rPois   .          Reflect  .   (no helmet)
rElec   .          Harm     .   (no cloak)
rCorr   .          Rampage  .   w - +0 pair of gloves
Will    .....                   (no boots)
Stlth   +.........              (no amulet)
HPRegen 0.14/turn               (no ring)
MPRegen 0.22/turn               (no ring)

@: corroded, under a protective aura
A: magic shield, magic regeneration
a: no special abilities


You were on level 5 of the Dungeon.
You visited 1 branch of the dungeon, and saw 4 of its levels.

You collected 81 gold pieces.

Inventory:

Hand Weapons
 a - a +2 falchion
 b - a +0 quarterstaff
 o - a +0 long sword
 s - a +3 rapier of protection (weapon)
Missiles
 g - 2 poisoned darts
 k - 2 boomerangs (quivered)
Armour
 c - a +0 scale mail
 f - a +0 ring mail (worn)
 m - a +0 leather armour
 w - a +0 pair of gloves (worn)
Jewellery
 u - a ring of fire
Wands
 x - a wand of flame (11)
Scrolls
 d - a scroll of torment
 i - a scroll of vulnerability {unknown}
 l - a scroll of enchant armour {unknown}
 p - a scroll of butterflies {unknown}
 q - a scroll of amnesia {unknown}
 t - a scroll of fear
Potions
 e - 2 potions of resistance {unknown}
 h - a potion of flight {unknown}
 j - 2 potions of haste {unknown}
 n - 4 potions of mutation
 r - a potion of attraction {unknown}
 v - a potion of curing {unknown}


   Skills:
 + Level 3.9 Fighting
 - Level 1.5(3.0) Short Blades
 - Level 4.0(4.1) Long Blades
 - Level 1.7 Staves
 - Level 2.0 Armour
 - Level 2.0 Spellcasting


You had 8 spell levels left.
You didn't know any spells.
Your spell library was empty.

Dungeon Overview and Level Annotations

Branches:
Dungeon (5/15)             Temple (0/1) D:5

Altars:


Innate Abilities, Weirdness & Mutations

When hurt, damage is shared between your health and your magic reserves.
You regenerate magic rapidly.


Message History

There is an open door here.
There is an open door here.
A jelly comes into view.
The jelly closely misses you.
You hit the jelly.
Your weapon exudes an aura of protection.
Your hands burn!
The jelly is moderately wounded.
The jelly hits you but does no damage.
You hit the jelly. The acid corrodes you!
Your hands burn!
The jelly is heavily wounded.
The jelly hits you but does no damage.
You hit the jelly but do no damage.
Your hands burn!
The jelly is heavily wounded.
The jelly hits you. The acid corrodes you!
You are splashed with acid.
You hit the jelly but do no damage.
Your hands burn!
The jelly is heavily wounded.
The jelly hits you. The acid corrodes you!
You are splashed with acid!
You hit the jelly.
Your hands burn!
The jelly is severely wounded.
The jelly hits you but does no damage.
You hit the jelly but do no damage.
Your hands burn!
The jelly is severely wounded.
The jelly hits you but does no damage. The jelly hits you.
The acid corrodes you!
You are splashed with acid!
* * * LOW HITPOINT WARNING * * *
You hit the jelly.
Your hands burn!
* * * LOW HITPOINT WARNING * * *
The jelly is almost dead.
The jelly barely misses you.
Throw: 2 boomerangs
Press: ? - help, Q - select action, (/) - cycle Shift-Dir - straight line, f - jelly
Aim: a jelly (almost dead, 89% to hit)
You throw a boomerang.
The boomerang hits the jelly but does no damage.
The jelly is almost dead.
The jelly hits you.
* * * LOW HITPOINT WARNING * * *
You are splashed with acid!
You die...

... ... #.# #..
#.# #.# #.#####.#
#..@J...#
######.###.###
#......# #
####.###..#
#....# #..#
#.##.....## ###
#.##.....# ##.##
#.##.#...#
#.#.###.##.###...


You could see a jelly.

Vanquished Creatures
  An orc priest (D:5)
  An orc wizard (D:5)
  4 adders
  2 worms (D:2)
  The ghost of drugrobin the Sneak, a weakling DgDe (D:5)
  A dart slug (D:2)
  6 orcs (D:5)
  5 ball pythons
  3 endoplasms
  2 giant cockroaches (D:2)
  3 goblins
  6 hobgoblins
  5 jackals
  A quokka (D:2)
  4 bats
  2 frilled lizards
  6 kobolds
  6 rats
59 creatures vanquished.

Notes
Turn   | Place    | Note
-------+----------+-------------------------------------------
     0 | D:1      | wingedge the Demonspawn Wanderer began the quest for the
                  | Orb.
     0 | D:1      | wingedge set off with the following items: a +2 falchion, a
                  | +0 quarterstaff, a +0 scale mail, a scroll of fear.
     0 | D:1      | Reached XP level 1. HP: 16/16 MP: 1/1
   148 | D:1      | Found a faded altar of an unknown god.
   350 | D:1      | Reached skill level 4 in Long Blades
   358 | D:1      | Gained mutation: You regenerate magic rapidly. [demonic
                  | ancestry]
   358 | D:1      | Reached XP level 2. HP: 16/22 MP: 2/2
   795 | D:1      | Reached skill level 1 in Spellcasting
  1558 | D:1      | Gained mutation: When hurt, damage is shared between your
                  | health and your magic reserves. [demonic ancestry]
  1558 | D:1      | Reached XP level 3. HP: 6/27 MP: 5/5
  2099 | D:2      | Reached XP level 4. HP: 33/34 MP: 7/7
  2430 | D:3      | Reached skill level 1 in Short Blades
  2458 | D:3      | You fall into a shaft and drop 2 floors!
  2458 | D:5      | Entered Level 5 of the Dungeon
  2517 | D:5      | Reached XP level 5. HP: 7/42 MP: 8/8
  2896 | D:5      | Found a staircase to the Ecumenical Temple.
  2977 | D:5      | Found a large runed translucent door.
  2977 | D:5      | Found a large runed translucent door.
  2983 | D:5      | Noticed drugrobin's ghost (weakling DgDe)
  2991 | D:5      | Killed drugrobin's ghost
  3092 | D:5      | HP: 2/42 [jelly (2)]
  3092 | D:5      | Splashed by a jelly's acid

Illustrated notes

Levels and vault maps discovered:
D:1:      minmay_arrival_diagonal_passages, layout_basic,
          ebering_ecumenical_altar_sacrificial, minmay_misc_feat_x
D:2:      layout_rooms, guppyfry_early_lair_pool
D:3:      layout_basic, led_sif_book, mainiacjoe_overflow_boulevard,
          hellmonk_ghost_happy_afterlife, uniq_natasha
D:5:      layout_loops_corners, minmay_temple_entry_from_below_a,
          ebering_ghost_disaster_area, chequers_serial_rivers_micro_a

Skill      XL: |  1  2  3  4 |
---------------+-------------+-----
Long Blades    | 4 |  4.0
Armour         | 2 |  2.0
Spellcasting   | 1 2 |  2.0
Fighting       | 3 |  3.9
Short Blades   | 1 |  1.5
Staves         | |  1.7

Action                   |  1- 3 |  4- 6 || total
-------------------------+-------+-------++-------
Melee: Falchion          |    91 |       ||    91
       Punch             |     1 |     1 ||     2
       Rapier            |    35 |   104 ||   139
Throw: Dart              |     2 |     2 ||     4
       Boomerang         |     4 |     5 ||     9
  Use: Scroll            |     3 |     5 ||     8
Armor: Scale mail        |    57 |    41 ||    98
       Ring mail         |       |    19 ||    19
Dodge: Dodged            |    47 |    42 ||    89

Table legend: (Time is in decaauts)
 A = Elapsed time spent in this place.
 B = Non-inter-level travel time spent in this place.
 C = Inter-level travel time spent in this place.
 D = Time resting spent in this place.
 E = Time spent auto-exploring this place.
 F = Levels seen in this place.
 G = Mean time per level.
                   A        B        C        D        E       F      G
               +--------+--------+--------+--------+--------+-----+--------+
         Total |   3112 |   2896 |    216 |    949 |   1136 |   4 |  778.0 |
       Dungeon |   3112 |   2896 |    216 |    949 |   1136 |   4 |  778.0 |
               +--------+--------+--------+--------+--------+-----+--------+

Top non-repeatable levels by time:
     D:1: 1657 daAuts
     D:2: 768 daAuts
     D:5: 637 daAuts
     D:3: 48 daAuts
